 Dungeon Crawl Stone Soup version 0.20.1-1-g8b1a95d (webtiles) character file.

234 t3hbunneh the Skirmisher (level 5, 0/42 HPs)
             Began as a Demonspawn Fighter on Oct 27, 2017.
             Slain by a quokka (4 damage)
             ... on level 2 of the Dungeon.
             The game lasted 00:08:16 (2595 turns).

t3hbunneh the Skirmisher (Demonspawn Fighter)       Turns: 2595, Time: 00:08:17

Health: 0/42       AC: 11    Str: 18    XL:     5   Next: 75%
Magic:  5/5        EV:  7    Int: 14    God:
Gold:   182        SH:  9    Dex: 12    Spells: 4/4 levels left

rFire    . . .     SeeInvis .   a - +0 flail
rCold    . . .     Gourm    .   c - +0 shield
rNeg     . . .     Faith    .   b - +1 scale mail
rPois    .         Spirit   .   (helmet restricted)
rElec    .         Reflect  .   (no cloak)
rCorr    .         Harm     .   (no gloves)
MR       .....                  (no boots)
Stlth    +.........             (no amulet)
Regen    0.2/turn               h - +4 ring of protection
MPRegen  0.1/turn               (no ring)

@: brilliant, flying, very slightly contaminated
A: antennae 1, nightstalker 1, powered by pain 1
a: no special abilities


You were on level 2 of the Dungeon.
You were hungry.

You visited 1 branch of the dungeon, and saw 4 of its levels.

You collected 182 gold pieces.

Inventory:

Hand Weapons
 a - a +0 flail (weapon)
Armour
 b - a +1 scale mail (worn)
 c - a +0 shield (worn)
Jewellery
 h - a +4 ring of protection (left hand)
 j - an uncursed ring of poison resistance {unknown}
Scrolls
 e - 2 scrolls of identify
 g - 2 scrolls of enchant armour
 i - 4 scrolls of recharging
Potions
 d - 2 potions of might
 k - 2 potions of brilliance
 n - a potion of flight
Comestibles
 f - 3 bread rations
 m - a royal jelly
 s - 2 fruits


   Skills:
 + Level 3.7 Fighting
 + Level 3.6 Maces & Flails
 + Level 3.3 Armour
 + Level 1.2 Dodging
 + Level 0.6 Stealth
 + Level 3.6 Shields


You had 4 spell levels left.
You didn't know any spells.

Dungeon Overview and Level Annotations

Branches:
Dungeon (4/15)
 Temple: D:4-7

Altars:
Xom

Annotations:
D:2 1 runed door
D:3 Fingolfin's ghost, amateur HaHu


Innate Abilities, Weirdness & Mutations

You have a pair of small antennae on your head.
You are slightly more attuned to the shadows.
You sometimes gain a little power by taking damage.


Message History

You flicker for a moment.
There is a stone staircase leading up here.
You can't go down here!
Fingolfin's ghost hits you.
* * * LOW HITPOINT WARNING * * *
You fly upwards.
Level annotation: 1 runed door
There is a stone staircase leading down here.
You start resting.
You flicker back into view.
You start resting.
You recover from your berserk rage.
A quokka is nearby!
A quokka is nearby!
The quokka bites you.
* * * LOW HITPOINT WARNING * * *
You hit the quokka.
The quokka is severely wounded.
The quokka bites you.
You die...

########## #........###
##### #.####.....#
....# #.##...#.#.# ##
###.### #.#...@.>#.# #.
......#
#.#....r...###########.
###.#.#
#.#..>...............).
###.#.#
#.##...#.#.######...###
....#.# #..........#
#.....# #####.#
#####.###### ##....##
#.# #.####### ##.).)#
#.# ##.......# #))))#
#.# ##...####.# ##))##


You could see a quokka.

Vanquished Creatures
  2 jellies (D:2)
  A bullfrog zombie (D:3)
  Natasha (twice) (D:2)
  3 adders
  2 oozes (D:1)
  A worm (D:3)
  4 orcs (D:3)
  A ball python (D:3)
  3 giant cockroaches (D:1)
  8 goblins
  8 hobgoblins
  An iguana (D:2)
  2 jackals (D:1)
  2 quokkas (D:3)
  4 bats
  3 frilled lizards
  4 kobolds
  2 rats
53 creatures vanquished.

Notes
Turn   | Place    | Note
-------+----------+-------------------------------------------
     0 | D:1      | t3hbunneh the Demonspawn Fighter began the quest for the Orb.
     0 | D:1      | Reached XP level 1. HP: 18/18 MP: 1/1
    81 | D:1      | Gained mutation: You sometimes gain a little power by taking damage. [demonic ancestry]
    81 | D:1      | Reached XP level 2. HP: 11/24 MP: 2/2
   510 | D:1      | Gained mutation: You have a pair of small antennae on your head. [demonic ancestry]
   510 | D:1      | Reached XP level 3. HP: 27/29 MP: 3/3
  1231 | D:2      | Found a shimmering altar of Xom.
  1712 | D:2      | Found a runed door.
  1733 | D:2      | Noticed Natasha
  1738 | D:2      | Killed Natasha
  1738 | D:2      | Reached XP level 4. HP: 30/35 MP: 4/4
  1876 | D:2      | Noticed Natasha
  1884 | D:2      | Killed Natasha
  1897 | D:2      | Reached skill level 1 in Dodging
  1897 | D:2      | Gained mutation: You are slightly more attuned to the shadows. [demonic ancestry]
  1897 | D:2      | Reached XP level 5. HP: 17/41 MP: 5/5
  2540 | D:3      | Noticed Fingolfin's ghost (amateur HaHu)
  2595 | D:2      | Slain by a quokka

Skill      XL: |  1  2  3  4 |
---------------+-------------+-----
Maces & Flails | 2 3 |  3.6
Armour         | 3 |  3.3
Shields        | 3 |  3.6
Dodging        | 1 |  1.2
Fighting       | |  3.7
Stealth        | |  0.6

Action                   |  1- 3 |  4- 6 || total
-------------------------+-------+-------++-------
Melee: Flail             |   114 |    79 ||   193
  Use: Scroll            |       |     7 ||     7
       Potion            |       |     5 ||     5
 Stab: Invisible         |       |     1 ||     1
       Sleeping          |       |     1 ||     1
  Eat: Chunk             |     3 |     2 ||     5
Armor: Scale mail        |    55 |    20 ||    75
Dodge: Dodged            |    34 |    38 ||    72
Block: Shield            |    53 |    41 ||    94
